 Dungeon Crawl Stone Soup version 0.24.0-123-gd5b16e6ec5 (webtiles) character file.

Game seed: 6944088411800123166, levelgen mode: deterministic

5772 Bergy the Cleaver (level 10, -6/56 HPs)
             Began as a Gargoyle Fighter on Dec 28, 2019.
             Was a Believer of Makhleb.
             Mangled by a two-headed ogre
             ... wielding a +0 giant club
              (20 damage)
             ... on level 9 of the Dungeon.
             The game lasted 00:25:26 (9211 turns).

Bergy the Cleaver (Gargoyle Fighter)                Turns: 9211, Time: 00:25:27

Health: -6/56      AC: 17    Str: 27    XL:     10   Next: 78%
Magic:  10/10      EV:  7    Int: 10    God:    Makhleb [**....]
Gold:   908        SH:  9    Dex:  9    Spells: 9/9 levels left

rFire    . . .     SeeInvis .   v - +2 war axe (chop)
rCold    . . .     Gourm    .   c - +0 shield
rNeg     + . .     Faith    .   b - +0 scale mail
rPois    ∞         Spirit   .   (no helmet)
rElec    +         Reflect  .   (no cloak)
rCorr    .         Harm     .   (no gloves)
MR       .....                  a - +2 pair of boots
Stlth    ..........             (no amulet)
HPRegen  0.18/turn              (no ring)
MPRegen  0.12/turn              (no ring)

@: mighty
A: negative energy resistance 1, electricity resistance, unbreathing,
petrification resistance, rot immunity, AC +7
a: Minor Destruction, Renounce Religion


You were on level 9 of the Dungeon.
You worshipped Makhleb.
Makhleb was pleased with you.
You were not hungry.

You visited 2 branches of the dungeon, and saw 10 of its levels.

You collected 908 gold pieces.

Inventory:

Hand Weapons
 v - a +2 war axe of chopping (weapon)
 z - a +5 halberd of freezing
Armour
 a - a +2 pair of boots (worn)
 b - a +0 scale mail (worn)
 c - a +0 shield (worn)
 B - a +0 plate armour
Wands
 E - a wand of digging (6)
Scrolls
 g - a scroll of amnesia {unknown}
 h - 4 scrolls of remove curse
 j - 5 scrolls of magic mapping
 m - a scroll of vulnerability {unknown}
 n - 2 scrolls of enchant weapon {unknown}
 o - 3 scrolls of teleportation
 r - 2 scrolls of random uselessness {unknown}
 u - a scroll of noise {unknown}
 x - a scroll of identify
 y - 2 scrolls of enchant armour {unknown}
 A - a scroll of acquirement {unknown}
 C - a scroll of fog
Potions
 e - 2 potions of curing
 i - a potion of degeneration {unknown}
 k - 2 potions of brilliance {unknown}
 l - a potion of flight {unknown}
 p - 2 potions of agility
 q - 2 potions of lignification {unknown}
 s - a potion of mutation {unknown}
 t - a potion of heal wounds {unknown}
 w - 2 potions of magic
 D - a potion of berserk rage {unknown}
Comestibles
 f - 12 rations


   Skills:
 - Level 3.2 Fighting
 * Level 14.0 Axes
 - Level 3.2 Armour
 - Level 3.2 Shields


You had 9 spell levels left.
You didn't know any spells.
Your spell library was empty.

Dungeon Overview and Level Annotations

Branches:
Dungeon (9/15)             Temple (1/1) D:4
   Lair: D:8-11         Orc: D:9-12

Altars:
Ashenzari
Cheibriados
Dithmenos
Elyvilon
Gozag
Hepliaklqana
Kikubaaqudgha
Makhleb
Nemelex Xobeh
Okawaru
Qazlal
Ru
Sif Muna
Trog
Uskayaw
Vehumet
Wu Jian
Xom
Yredelemnul
Zin
The Shining One

Shops:
D:7 (


Innate Abilities, Weirdness & Mutations

You are resistant to torment.
Your stone body is resilient. (AC +7)
You are immune to poison.
You resist negative energy. (rN+)
You are resistant to electric shocks. (rElec)
You can survive without breathing.
You are immune to petrification.
You are immune to rotting.


Message History

You kill the hippogriff!
Makhleb accepts your kill.
Your Axes skill increases to level 14!
You hit the phantom but do no damage.
The centaur wields a +0 shortbow.
The centaur shoots an arrow.
The arrow hits you.
The phantom blinks!
The centaur shoots an arrow.
You block the arrow.
You see here an arrow.
The centaur shoots an arrow.
The arrow hits you.
You see here an arrow.
You feel very mighty all of a sudden.
The two-headed ogre hits you with a +0 giant club!!
The two-headed ogre hits you with a +0 giant spiked club!
* * * LOW HITPOINT WARNING * * *
The phantom closely misses you.
You slash the two-headed ogre!
The two-headed ogre is moderately wounded.
You closely miss the phantom.
The two-headed ogre hits you but does no damage.
The two-headed ogre hits you with a +0 giant spiked club!!
You die...

#.........
#.........
#.........
#.W..c....
#........O
#.........
#'###
#cO(##
###@W####
##....#
####.# #<#
#.# ...
.....
.......
........#


You could see a two-headed ogre, a phantom and a centaur.

Vanquished Creatures
  Pikel (D:7)
  Joseph (D:7)
  A hippogriff (D:9)
  A spriggan (D:7)
  Sigmund (D:3)
  A hungry ghost (D:8)
  Menkaure (D:7)
  A water moccasin (D:5)
  Duvessa (D:4)
  The ghost of Descartes the Magician, an amateur SpWz (D:3)
  2 orc warriors
  2 phantoms
  An ice beast (D:8)
  A slave (D:7)
  A sky beast (D:6)
  A black bear (D:7)
  4 ogres
  6 centaurs
  A gnoll sergeant (D:6)
  7 bullfrogs
  Dowan (D:4)
  A wyvern zombie (D:8)
  3 scorpions
  A water moccasin skeleton (D:4)
  4 killer bees (D:8)
  5 wights (D:7)
  2 howler monkeys
  7 crimson imps
  4 jellies
  A quasit (D:6)
  4 bullfrog skeletons
  3 orc priests
  3 hounds
  5 orc wizards
  2 worker ants (D:7)
  3 hound skeletons
  A worker ant zombie (D:8)
  A howler monkey skeleton (D:5)
  3 gnolls (D:5)
  13 adders
  A shadow imp (D:7)
  3 white imps (D:7)
  2 oozes
  An adder skeleton (D:8)
  3 worms
  7 dart slugs
  2 leopard geckos
  22 orcs
  A ball python (D:3)
  9 giant cockroaches
  13 goblins
  12 hobgoblins
  13 jackals
  6 quokkas
  6 bats
  5 frilled lizards
  A jackal skeleton (D:6)
  9 kobolds
  A leopard gecko zombie (D:7)
  A quokka skeleton (D:4)
  6 rats
227 creatures vanquished.

Vanquished Creatures (others)
  A slave (D:7)
  A worker ant (D:7)
2 creatures vanquished.

Grand Total: 229 creatures vanquished

Notes
Turn   | Place    | Note
-------+----------+-------------------------------------------
     0 | D:1      | Bergy the Gargoyle Fighter began the quest for the Orb.
     0 | D:1      | Reached XP level 1. HP: 14/14 MP: 1/1
    46 | D:1      | Reached skill level 2 in Axes
    95 | D:1      | Reached XP level 2. HP: 14/19 MP: 2/2
   201 | D:1      | Reached skill level 3 in Axes
   216 | D:1      | Reached XP level 3. HP: 10/23 MP: 3/3
   987 | D:2      | Reached XP level 4. HP: 17/28 MP: 4/4
  1163 | D:2      | Reached skill level 4 in Axes
  1407 | D:2      | Reached XP level 5. HP: 31/32 MP: 5/5
  1464 | D:2      | Found an ancient bone altar of Kikubaaqudgha.
  1464 | D:2      | Found a bloodstained altar of Trog.
  2016 | D:3      | Reached skill level 5 in Axes
  2335 | D:3      | Found a sparkling altar of Nemelex Xobeh.
  2373 | D:3      | Found a runed translucent door.
  2374 | D:3      | Noticed Descartes's ghost (amateur SpWz)
  2398 | D:3      | Reached XP level 6. HP: 21/37 MP: 6/6
  2647 | D:3      | Killed Descartes's ghost
  2647 | D:3      | Reached skill level 6 in Axes
  2660 | D:3      | Found a runed translucent door.
  2853 | D:3      | Noticed Sigmund
  2884 | D:3      | Killed Sigmund
  2884 | D:3      | Reached skill level 7 in Axes
  2884 | D:3      | Reached XP level 7. HP: 18/41 MP: 7/7
  3293 | D:4      | Noticed Dowan
  3475 | D:4      | Noticed Duvessa
  3702 | D:4      | Found a staircase to the Ecumenical Temple.
  3708 | Temple   | Entered the Ecumenical Temple
  3811 | Temple   | Became a worshipper of Makhleb the Destroyer
  4203 | D:4      | Killed Duvessa
  4203 | D:4      | Reached skill level 8 in Axes
  4203 | D:4      | Reached XP level 8. HP: 40/46 MP: 8/8
  4219 | D:4      | Killed Dowan
  4675 | D:5      | Entered Level 5 of the Dungeon
  4901 | D:5      | Reached skill level 9 in Axes
  5163 | D:5      | Found a white marble altar of Elyvilon.
  5587 | D:5      | Reached skill level 10 in Axes
  5953 | D:5      | Reached XP level 9. HP: 44/51 MP: 9/9
  5965 | D:5      | Reached * piety under Makhleb
  6650 | D:6      | Reached skill level 11 in Axes
  7065 | D:6      | Found a stormy altar of Qazlal.
  7297 | D:7      | Found Paidui Wate's Antique Weapon Boutique.
  7421 | D:7      | Noticed Pikel
  7440 | D:7      | Killed Pikel
  7440 | D:7      | Reached skill level 12 in Axes
  7547 | D:7      | Reached XP level 10. HP: 51/56 MP: 10/10
  7597 | D:7      | Reached ** piety under Makhleb
  7612 | D:7      | Noticed Joseph
  7644 | D:7      | Killed Joseph
  7694 | D:7      | Noticed Menkaure
  7709 | D:7      | Killed Menkaure
  7812 | D:7      | Reached skill level 13 in Axes
  7898 | D:7      | Found a hazy altar of Hepliaklqana.
  8509 | D:8      | Found a shadowy altar of Dithmenos.
  9035 | D:8      | Found a shimmering blue altar of Sif Muna.
  9199 | D:9      | Noticed a two-headed ogre
  9207 | D:9      | Reached skill level 14 in Axes
  9211 | D:9      | Mangled by a two-headed ogre

Levels and vault maps discovered:
D:1:      zaba_arrival_water, layout_basic, minmay_hexomino_u4
D:2:      layout_loops_cross, gammafunk_temple_overflow_elements
D:3:      layout_loops_corners, nemelex_xobeh_ov_fountains_minmay,
          ebering_ghost_sewer_f, saegor_snake_ambush, uniq_sigmund
D:4:      layout_loops_ring, minmay_temple_entry_proselytizer, uniq_duvessa
D:5:      layout_gridville, elyvilon_altar_5, first_ration, skrybe_limestone_x,
          hangedman_decor_growths
D:6:      layout_basic, minmay_statues_item, nicolae_qazlal_general_emergency
D:7:      layout_basic, lemuel_coloured_pillars_altar,
          nicolae_ossuary_entry_monument, serial_shops, shop, the_bakery,
          minmay_nine_imps, uniq_menkaure, uniq_pikel, uniq_joseph
D:8:      layout_loops_ring, marbit_many_paths, grunt_dithmenos_smoke
D:9:      layout_roguey, fedhas_bush_and_centaur_altar, lair_entry_dummy
Temple:   regret_index_temple_waves

Skill      XL: |  1  2  3  4  5  6  7  8  9 10 |
---------------+-------------------------------+-----
Axes           | 2 3 4 5 7 8 10 12 14 | 14.0
Fighting       | |  3.2
Armour         | |  3.2
Shields        | |  3.2

Action                   |  1- 3 |  4- 6 |  7- 9 | 10-12 || total
-------------------------+-------+-------+-------+-------++-------
Melee: War axe           |   107 |   205 |   446 |   175 ||   933
  Use: Potion            |       |     2 |       |     1 ||     3
       Scroll            |       |       |     6 |       ||     6
  Eat: Chunk             |       |     4 |     5 |     2 ||    11
       Ration            |       |     1 |     3 |     2 ||     6
Armor: Scale mail        |    67 |   116 |   231 |    73 ||   487
Dodge: Dodged            |    49 |    66 |   135 |    35 ||   285
Block: Shield            |    72 |    97 |   189 |    62 ||   420
